 Dungeon Crawl Stone Soup version 0.24.0-13-gcf9b319 (webtiles) character file.

Game seed: 9622921286501012822, levelgen mode: deterministic

176 Bronimir the Digger (level 5, -1/44 HPs)
             Began as a Deep Dwarf Earth Elementalist on Apr 25, 2020.
             Slain by a worker ant (4 damage)
             ... on level 4 of the Dungeon.
             The game lasted 00:06:38 (2854 turns).

Bronimir the Digger (Deep Dwarf Earth Elementalist) Turns: 2854, Time: 00:06:38

Health: -1/44      AC:  2    Str: 11    XL:     5   Next: 30%
Magic:  7/9        EV: 13    Int: 17    God:
Gold:   144        SH:  0    Dex: 13    Spells: 3/9 levels left

rFire    . . .     SeeInvis .   b - +0 hunting sling
rCold    . . .     Gourm    .   (no shield)
rNeg     . . .     Faith    .   c - +0 robe
rPois    .         Spirit   .   (no helmet)
rElec    .         Reflect  .   (no cloak)
rCorr    .         Harm     .   (no gloves)
MR       .....                  (no boots)
Stlth    ++........             (no amulet)
HPRegen  0.00/turn              v - ring of flight
MPRegen  0.11/turn              (no ring)

@: non-regenerating
A: damage resistance, heal wounds, sense surroundings 1, no regeneration
a: Heal Wounds, Evoke Flight


You were on level 4 of the Dungeon.
You were not hungry.

You visited 1 branch of the dungeon, and saw 4 of its levels.

You collected 144 gold pieces.

Inventory:

Hand Weapons
 a - a +0 falchion
 b - a +0 hunting sling (weapon)
 g - a +0 dagger
 x - a +0 whip
Missiles
 h - 46 sling bullets (quivered)
 l - 51 arrows
 q - 6 poisoned darts
 r - 108 stones
Armour
 c - a +0 robe (worn)
Jewellery
 v - a ring of flight (left hand)
Wands
 t - a wand of flame (15)
Scrolls
 e - 6 scrolls of identify {unknown}
 f - a scroll of amnesia {unknown}
 i - a scroll of immolation {unknown}
 k - 3 scrolls of teleportation {unknown}
 p - a scroll of enchant armour {unknown}
 w - a scroll of enchant weapon {unknown}
Potions
 j - a potion of heal wounds {unknown}
 m - 6 potions of curing {unknown}
 n - 2 potions of degeneration {unknown}
 o - a potion of haste {unknown}
 s - a potion of lignification {unknown}
 u - a potion of cancellation {unknown}
Comestibles
 d - 4 rations


   Skills:
 * Level 1.3 Fighting
 + Level 2.5 Slings
 * Level 1.2 Armour
 + Level 2.4 Dodging
 + Level 2.4 Stealth
 * Level 2.6 Spellcasting
 * Level 0.3 Conjurations
 + Level 0.8 Transmutations
 * Level 5.3 Earth Magic


You had 3 spell levels left.
You knew the following spells:

 Your Spells              Type           Power        Failure   Level  Hunger
a - Sandblast             Erth           ###...       1%          1    #......
b - Passwall              Tmut/Erth      ##......     8%          2    ##.....
c - Stone Arrow           Conj/Erth      ##....       17%         3    ###....

Your spell library contained the following spells:

 Spells                   Type           Power        Failure   Level  Hunger
 Petrify                  Tmut/Erth      ##......     45%         4    #####..
 Lee's Rapid Deconstruct  Erth           ###.......   50%         5    ######.


Dungeon Overview and Level Annotations

Branches:
Dungeon (4/15)
 Temple: D:4-7

Altars:


Innate Abilities, Weirdness & Mutations

You are resistant to damage.
You can heal yourself by infusing magical energy.
You passively map a small area around you.
You do not regenerate.


Message History

The sling bullet hits the worker ant but does no damage.
The worker ant barely misses you.
Casting: Sandblast (safe; 1% risk of failure)
Confirm with . or Enter, or press ? or * to list all spells.
Aiming: Sandblast (safe; 1% risk of failure)
Press: ? - help, Shift-Dir - straight line, f/p - worker ant
Aim: a worker ant The blast of sand misses the worker ant.
r - 109 stones The worker ant bites you.
Casting: Sandblast (safe; 1% risk of failure)
Confirm with . or Enter, or press ? or * to list all spells.
Aiming: Sandblast (safe; 1% risk of failure)
Press: ? - help, Shift-Dir - straight line, f/p - worker ant
Aim: a worker ant The blast of sand hits the worker ant.
The worker ant is lightly wounded.
r - 108 stones The worker ant bites you.
You die...

####...............#
,
.).......#.........#
,
########.#..<.......,
, ..... #.#..........
* ..... #.###........
, , , ,
......#............
,,
*#....(###..........
, #..=..a............
#......@...#....... ,
#.......###........,
* * #........,
.[......
#........#*........ ,
#...?.##.# ....... ,
#..... ..,,.... , , ,
..=... .. , ......
... ,,, , ,


You could see a worker ant.

Vanquished Creatures
  An orc priest (D:3)
  5 adders
  An ooze (D:3)
  A dart slug (D:1)
  3 worms
  6 leopard geckos
  4 orcs (D:3)
  3 giant cockroaches
  6 goblins
  9 hobgoblins
  4 jackals
  2 quokkas
  2 ball pythons
  11 bats
  2 frilled lizards
  13 kobolds
  6 rats
79 creatures vanquished.

Vanquished Creatures (others)
  4 toadstools (D:1)
4 creatures vanquished.

Grand Total: 83 creatures vanquished

Notes
Turn   | Place    | Note
-------+----------+-------------------------------------------
     0 | D:1      | Bronimir the Deep Dwarf Earth Elementalist began the quest
                  | for the Orb.
     0 | D:1      | Reached XP level 1. HP: 15/15 MP: 3/3
   291 | D:1      | Reached XP level 2. HP: 19/24 MP: 0/4
   376 | D:1      | Learned a level 2 spell: Passwall
   745 | D:1      | Reached XP level 3. HP: 17/30 MP: 4/6
  1562 | D:2      | Reached skill level 5 in Earth Magic
  1672 | D:2      | Learned a level 3 spell: Stone Arrow
  1910 | D:2      | Reached XP level 4. HP: 15/37 MP: 7/7
  1982 | D:2      | Reached skill level 1 in Fighting
  2254 | D:3      | Reached skill level 1 in Slings
  2332 | D:3      | Reached skill level 1 in Armour
  2622 | D:3      | Reached XP level 5. HP: 15/44 MP: 6/8
  2854 | D:4      | Slain by a worker ant

Levels and vault maps discovered:
D:1:      ldierk_walled_garden_2, layout_loops_ring
D:2:      layout_basic, first_ration, minmay_misc_feat_pillars,
          minmay_indecisive_spiral
D:3:      layout_basic
D:4:      layout_basic, serial_shops, nicolae_shop_competitors_out_of_business,
          minmay_ruptured

Skill      XL: |  1  2  3  4 |
---------------+-------------+-----
Spellcasting   | 2 |  2.6
Earth Magic    | 5 |  5.3
Fighting       | 1 |  1.3
Slings         | 2 |  2.5
Armour         | 1 |  1.2
Dodging        | |  2.4
Stealth        | |  2.4
Conjurations   | |  0.3
Transmutations | |  0.8

Action                   |  1- 3 |  4- 6 || total
-------------------------+-------+-------++-------
Melee: Dagger            |     9 |       ||     9
       Whip              |     5 |       ||     5
 Fire: Hunting sling     |    34 |    65 ||    99
 Cast: Sandblast         |    56 |    16 ||    72
  Eat: Chunk             |     4 |     3 ||     7
Armor: Robe              |     9 |     2 ||    11
Dodge: Dodged            |    36 |    11 ||    47
